 Dungeon Crawl Stone Soup version 0.25-a0-447-gff83419037 (webtiles) character file.

Game seed: 16056038700405221858, levelgen mode: deterministic

0 Nattfarinn the Caller (level 1, -4/13 HPs)
             Began as a Barachi Summoner on Jan 31, 2020.
             Slain by a hobgoblin
             ... wielding a +0 club
              (7 damage)
             ... on level 1 of the Dungeon.
             The game lasted 00:00:16 (34 turns).

Nattfarinn the Caller (Barachi Summoner)              Turns: 34, Time: 00:00:17

Health: -4/13      AC:  2    Str:  9    XL:     1   Next: 10%
Magic:  0/3        EV: 12    Int: 15    God:
Gold:   20         SH:  0    Dex: 12    Spells: 3/4 levels left

rFire    . . .     SeeInvis .   (no weapon)
rCold    . . .     Gourm    .   (no shield)
rNeg     . . .     Faith    .   a - +0 robe
rPois    .         Spirit   .   (no helmet)
rElec    .         Reflect  .   (no cloak)
rCorr    .         Harm     .   (no gloves)
MR       .....                  (no boots)
Stlth    ++........             (no amulet)
HPRegen  0.04/turn              (no ring)
MPRegen  0.08/turn              (no ring)

@: slow
A: +LOS, swims, slowness 1, strong legs 1
a: Hop


You were on level 1 of the Dungeon.
You were not hungry.

You visited 1 branch of the dungeon, and saw 1 of its levels.

You collected 20 gold pieces.

Inventory:

Armour
 a - a +0 robe (worn)
Scrolls
 b - a scroll of blinking {unknown}
Comestibles
 c - a ration


   Skills:
 + Level 0.0 Fighting
 * Level 0.0 Armour
 + Level 2.2 Dodging
 - Level 1.7 Stealth
 + Level 2.2 Spellcasting
 * Level 4.8 Summonings


You had 3 spell levels left.
You knew the following spells:

 Your Spells              Type           Power        Failure   Level  Hunger
a - Summon Small Mammal   Summ           ###.         3%          1    #......

Your spell library contained the following spells:

 Spells                   Type           Power        Failure   Level  Hunger
 Call Imp                 Summ           ###.....     4%          2    ###....
 Call Canine Familiar     Summ           ###.....     9%          3    ###....
 Summon Guardian Golem    Hex/Summ       #.......     24%         3    ###....
 Summon Ice Beast         Ice/Summ       #.......     63%         4    #####..
 Summon Lightning Spire   Summ/Air       #.......     63%         4    #####..


Dungeon Overview and Level Annotations

Branches:
Dungeon (1/15)

Altars:


Innate Abilities, Weirdness & Mutations

You can be seen from farther away. (+LOS)
You can swim through water.
You cover ground slowly.
You can hop short distances.


Message History

Your bat hits the jackal but does no damage.
Your quokka misses the goblin. The jackal bites you.
Your quokka closely misses the goblin.
Your bat hits the goblin. You hit the hobgoblin.
The hobgoblin is moderately wounded.
Your bat hits the hobgoblin. The hobgoblin barely misses you.
The jackal closely misses you.
Your quokka closely misses the goblin.
You hit the hobgoblin but do no damage.
The hobgoblin is heavily wounded.
The jackal barely misses you. The hobgoblin hits you with a +0 club.
Your quokka misses the goblin. The jackal bites you.
* * * LOW HITPOINT WARNING * * *
The goblin hits you but does no damage.
You are too injured to fight recklessly!
You are too injured to fight recklessly!
You hit the hobgoblin.
The hobgoblin is severely wounded.
Your quokka barely misses the goblin.
The hobgoblin hits you with a +0 club!
Ouch! That really hurt!
You die...

##..........#......#
#.#........#......#
#..#......#......#
#...#....#.#.#..#...
#....#..#...#..#...
#.....##...#.##..... ..
#.....#...#...#.....
.....#rg#.#.#.#.....# ...
....g.gg@#...#.<...#.# ..
..##.#.h#.#.#.#...#......
# #.#$..#...#.#.#....
#....#.#...#...#...
#...#...#...#...#%.
#..#.....#...#...#
#.#.......#...[.".#
##.................
#######.### ##


You could see a gnoll, a jackal, 2 hobgoblins, a goblin and a friendly quokka.

Vanquished Creatures (collateral kills)
  A jackal (D:1)
1 creature vanquished.

Notes
Turn   | Place    | Note
-------+----------+-------------------------------------------
     0 | D:1      | Nattfarinn the Barachi Summoner began the quest for the
                  | Orb.
     0 | D:1      | Reached XP level 1. HP: 13/13 MP: 3/3
    34 | D:1      | Slain by a hobgoblin

Levels and vault maps discovered:
D:1:      matt_arrival_diagonals, layout_rooms

Action                   || total
-------------------------++-------
Melee: Unarmed           ||     8
 Cast: Summon Small Mamm ||     3
Dodge: Dodged            ||     6

Table legend:
 A = Non-vault XP
 B = Vault XP
 C = Vault XP percentage of total XP
 D = Non-vault monster count
 E = Vault monster count
 F = Vault count percentage of total count
                 A         B        C        D         E       F
            +---------+---------+-------+---------+---------+-------
      Total |       1 |       0 |   0.0 |       1 |       0 |   0.0
            +---------+---------+-------+---------+---------+-------
        D:1 |       1 |       0 |   0.0 |       1 |       0 |   0.0
            +---------+---------+-------+---------+---------+-------
